 Dungeon Crawl Stone Soup version 0.29-a0-1033-gb6c65ffae6 (webtiles) character file.

Game seed: 15334854885505091579

139 wingedge the Sneak (level 5, 0/37 HPs)
             Began as a Human Wanderer on Aug 14, 2022.
             Was an Initiate of Gozag.
             Killed from afar by an orc wizard (7 damage)
             ... with a magic dart
             ... on level 3 of the Dungeon.
             The game lasted 00:09:55 (2663 turns).

wingedge the Sneak (Human Wanderer)                 Turns: 2663, Time: 00:09:56

Health: 0/37       AC:  3    Str: 11    XL:     5   Next: 46%
Magic:  5/5        EV: 10    Int: 18    God:    Gozag
Gold:   539        SH:  3    Dex: 16    Spells: 4/4 levels left

rFire   . . .      SeeInvis +   a - +2 short sword
rCold   . . .      Faith    .   n - +0 buckler
rNeg    . . .      Spirit   .   u - +0 robe {Will+}
rPois   .          Reflect  .   c - +0 helmet
rElec   .          Harm     .   (no cloak)
rCorr   .          Rampage  .   (no gloves)
Will    +....                   (no boots)
Stlth   +++.......              (no amulet)
HPRegen 0.12/turn               g - +6 ring of intelligence
MPRegen 0.09/turn               v - ring of see invisible

@: no status effects
A: no striking features
a: Renounce Religion, Potion Petition, Call Merchant, Bribe Branch


You were on level 3 of the Dungeon.
You worshipped Gozag.
Gozag was pleased with you.
You visited 1 branch of the dungeon, and saw 3 of its levels.

You collected 539 gold pieces.

Inventory:

Hand Weapons
 a - a +2 short sword (weapon)
 b - a +2 dagger of holy wrath
 i - a +0 sling
Missiles
 s - 3 atropa-tipped darts (quivered)
Armour
 c - a +0 helmet (worn)
 e - a +0 leather armour
 n - a +0 buckler (worn)
 u - a +0 robe of willpower (worn)
Jewellery
 g - a +6 ring of intelligence (left hand)
 r - a ring of wizardry
 v - a ring of see invisible (right hand)
Scrolls
 f - a scroll of torment
 k - a scroll of silence
 q - a scroll of amnesia {unknown}
 t - 2 scrolls of vulnerability
 w - 2 scrolls of identify
Potions
 h - a potion of curing {unknown}
 l - a potion of haste
 m - a potion of ambrosia


   Skills:
 + Level 1.3 Fighting
 - Level 4.0 Short Blades
 - Level 2.0 Maces & Flails
 - Level 1.0 Throwing
 - Level 6.0 Stealth


You had 4 spell levels left.
You didn't know any spells.
Your spell library contained the following spells:

 Spells                   Type           Power      Damage    Failure   Level
 Gell's Gravitas          Tloc           0%         N/A       65%         3
 Teleport Other           Tloc           0%         N/A       65%         3
 Dispersal                Tloc           0%         N/A       100%        6


Dungeon Overview and Level Annotations

Branches:
Dungeon (3/15)

Altars:
Gozag

Annotations:
D:3 1 transporter


Message History

The orc wizard hits you but does no damage.
You barely miss the orc wizard.
The orc wizard is severely wounded.
The orc is no longer distracted by gold.
You barely miss the orc wizard.
The orc wizard is severely wounded.
The orc closely misses you.
The orc wizard hits you with a +0 dagger.
You closely miss the orc wizard.
The orc wizard is severely wounded.
The orc hits you with a +0 dagger.
The orc wizard mumbles some strange words.
The orc wizard flickers and vanishes for a moment.
You hit the orc wizard but do no damage.
The orc wizard is severely wounded.
The orc wizard completely misses you. The orc hits you but does no damage.
You miss the orc wizard.
The orc wizard is severely wounded.
The orc wizard hits you but does no damage.
The orc barely misses you.
You hit the orc wizard.
The orc wizard is almost dead.
You block the orc's attack.
The orc wizard gestures at you while chanting.
The magic dart hits you!
* * * LOW HITPOINT WARNING * * *
Throw: 4 darts (atropa)
Press: ? - help, Q - select action, (/) - cycle Shift-Dir - straight line, f - orc
Aim: an orc, wielding a +0 dagger and wearing a +0 leather armour (59% to hit, chance to blind on hit: 100%)
You throw an atropa-tipped dart.
The atropa-tipped dart closely misses the orc.
The orc misses you.
The orc wizard hits you but does no damage.
You hit the orc wizard.
The orc wizard is almost dead.
The orc barely misses you. The orc wizard casts a spell at you.
The magic dart hits you!
You die...
Your body crumbles into a pile of gold.

####. #.#.≈...≈ #....
#.#.≈...≈ #....
#.#.≈~~~≈ #....
#.#.≈~⌠~≈ #....
#.#.≈P~~≈o#. #(...
#.#5≈...≈5#.
#(.o######.#5≈...≈o#.
#.(o@$.....####+####.
#[..######.#~..:..~#.
#### #.#8P$©$P8#.
#.#########.
##.....©.....
##.####.......
#.#).).....###
##.######### #.#


You could see an orc wizard (invisible) and an orc.

Vanquished Creatures
  Jessica (D:2)
  Natasha (D:3)
  2 adders (D:2)
  A worm (D:3)
  7 orcs (D:3)
  7 endoplasms
  5 goblins
  4 hobgoblins
  7 jackals
  4 kobolds
  3 quokkas
  4 ball pythons
  5 bats
  5 rats
56 creatures vanquished.

Notes
Turn   | Place    | Note
-------+----------+-------------------------------------------
     0 | D:1      | wingedge the Human Wanderer began the quest for the Orb.
     0 | D:1      | wingedge set off with the following items: a +2 short
                  | sword, a +0 mace, a +0 helmet, a potion of lignification, a
                  | +0 leather armour.
     0 | D:1      | Reached XP level 1. HP: 13/13 MP: 1/1
    34 | D:1      | Found a faded altar of an unknown god.
    39 | D:1      | Prayed at the altar of an unknown god.
    39 | D:1      | Became a worshipper of Gozag Ym Sagoz the Greedy
   211 | D:1      | Reached XP level 2. HP: 19/19 MP: 2/2
   594 | D:1      | Reached skill level 1 in Fighting
   594 | D:1      | Reached XP level 3. HP: 18/26 MP: 3/3
  1102 | D:2      | Reached XP level 4. HP: 32/32 MP: 4/4
  1439 | D:2      | Noticed Jessica
  1447 | D:2      | Killed Jessica
  1448 | D:2      | Reached skill level 6 in Stealth
  1721 | D:3      | Noticed Natasha
  1736 | D:3      | Killed Natasha
  1737 | D:3      | Reached XP level 5. HP: 4/37 MP: 5/5
  2608 | D:3      | Found a transporter.
  2663 | D:3      | Killed from afar by an orc wizard

Illustrated notes

Levels and vault maps discovered:
D:1:      dpeg_arrival_rooms_b, layout_basic, ebering_ecumenical_altar_hall
D:2:      layout_rooms, minmay_small_reverse_x, uniq_jessica
D:3:      gammafunk_wand_slinger, layout_loops_ring,
          grunt_temple_overflow_cloverleaf, uniq_natasha

Skill      XL: |  1  2  3  4  5 |
---------------+----------------+-----
Short Blades   | 3 4 |  4.0
Fighting       | 1 |  1.3
Stealth        | 6 |  6.0
Maces & Flails | |  2.0
Throwing       | |  1.0

Action                   |  1- 3 |  4- 6 || total
-------------------------+-------+-------++-------
Melee: Short sword       |    81 |    85 ||   166
       Punch             |     1 |       ||     1
       Dagger            |     5 |    27 ||    32
Throw: Dart              |       |    17 ||    17
       Javelin           |       |     7 ||     7
  Use: Potion            |       |     4 ||     4
       Scroll            |       |     6 ||     6
 Stab: Sleeping          |     9 |     5 ||    14
       Distracted        |     1 |     1 ||     2
Armor: Leather armour    |    38 |     8 ||    46
       Skin              |       |     4 ||     4
       Robe              |       |    10 ||    10
Dodge: Dodged            |    46 |    46 ||    92
Block: Buckler           |       |     8 ||     8

Table legend: (Time is in decaauts)
 A = Elapsed time spent in this place.
 B = Non-inter-level travel time spent in this place.
 C = Inter-level travel time spent in this place.
 D = Time resting spent in this place.
 E = Time spent auto-exploring this place.
 F = Levels seen in this place.
 G = Mean time per level.
                   A        B        C        D        E       F      G
               +--------+--------+--------+--------+--------+-----+--------+
         Total |   2622 |   2544 |     78 |    754 |    907 |   3 |  874.0 |
       Dungeon |   2622 |   2544 |     78 |    754 |    907 |   3 |  874.0 |
               +--------+--------+--------+--------+--------+-----+--------+

Top non-repeatable levels by time:
     D:1: 1062 daAuts
     D:3: 993 daAuts
     D:2: 567 daAuts
